 Dungeon Crawl Stone Soup version 0.31.0-11-ge490571c62 (webtiles) character file.

Game seed: 1366974471140743901

31 Silvore the Trooper (level 3, 0/29 HPs)
             Began as a Demonspawn Fighter on Feb 11, 2024.
             Slain by a goblin
             ... wielding a +0 dagger
              (1 damage)
             ... on level 2 of the Dungeon.
             The game lasted 00:02:14 (1080 turns).

Silvore the Trooper (Demonspawn Fighter)            Turns: 1080, Time: 00:02:14

Health: 0/29       AC:  2    Str: 18    XL:     3   Next: 7%
Magic:  3/3        EV: 11    Int:  8    God:
Gold:   43         SH:  4    Dex: 12    Spells: 2/2 levels left

rFire   . . .        a - +0 rapier
rCold   . . .        c - +0 buckler
rNeg    . . .        (no body armour)
rPois   .            (no helmet)
rElec   .            (no cloak)
rCorr   .            (no gloves)
SInv    .            (no boots)
Will    .....        (no amulet)
Stlth   +            (no ring)
HPRegen 0.24/turn    (no ring)
MPRegen 0.08/turn

%: no passive effects
@: no status effects
A: molten scales 1, powered by pain 1
a: no special abilities


You were on level 2 of the Dungeon.
You visited 1 branch of the dungeon, and saw 2 of its levels.

You collected 43 gold pieces.

Inventory:

Hand Weapons
 a - a +0 rapier (weapon)
Armour
 b - a +0 scale mail
 c - a +0 buckler (worn)
 f - a +0 plate armour
Scrolls
 e - 2 scrolls of identify
Potions
 d - a potion of might
 g - a potion of invisibility {unknown}


   Skills:
 + Level 3.2 Fighting
 + Level 2.3 Short Blades
 + Level 3.0 Armour
 + Level 0.2 Dodging
 + Level 3.0 Shields


You had 2 spell levels left.
You didn't know any spells.
Your spell library contained the following spells:

 Spells                   Type           Power      Damage    Failure   Level
 Blink                    Tloc           0%         N/A       63%         2
 Lesser Beckoning         Tloc           0%         N/A       63%         2
 Momentum Strike          Conj/Tloc      0%         3d8       63%         2


Dungeon Overview and Level Annotations

Branches:
Dungeon (2/15)

Altars:


Innate Abilities, Weirdness & Mutations

You are partially covered in molten scales. (AC +2)
You sometimes gain a little power by taking damage.


Message History

* * * LOW HITPOINT WARNING * * *
The goblin hits you but does no damage. The goblin misses you.
The goblin hits you but does no damage. You block the goblin's attack.
The goblin completely misses you. The goblin barely misses you.
The goblin barely misses you. The goblin hits you with a +0 dagger.
* * * LOW HITPOINT WARNING * * *
The goblin barely misses you. The goblin closely misses you.
The goblin hits you but does no damage. The goblin hits you with a +0 dagger.
* * * LOW HITPOINT WARNING * * *
The goblin hits you but does no damage. The goblin closely misses you.
The goblin barely misses you. The goblin barely misses you.
A rat comes into view.
The goblin closely misses you. The goblin hits you with a +0 dagger.
* * * LOW HITPOINT WARNING * * *
The rat squeaks loudly.
The rat bites you.
* * * LOW HITPOINT WARNING * * *
The goblin barely misses you. The rat bites you.
* * * LOW HITPOINT WARNING * * *
The goblin barely misses you. The rat misses you.
The goblin hits you but does no damage. The rat closely misses you.
The goblin barely misses you. The rat barely misses you.
You block the goblin's attack. The rat misses you.
The goblin hits you with a +0 dagger.
* * * LOW HITPOINT WARNING * * *
The rat bites you but does no damage. The goblin barely misses you.
The rat bites you.
* * * LOW HITPOINT WARNING * * *
The goblin hits you with a +0 dagger.
You die...

.........#.###########.###
####.##...<......#####...#
#. #>............##.#.# #
##.#.#####.##.##.#.#
.....#####.##......#
.............##..###.#
#.########........# #.# #
########r#####..###.#
......g@.# #......#
##############.##.###
..##.##.# #.#...#.#
#.#.....### #.#.......#
##############.#...###.#
#..............#...# #
#..................#


You could see a goblin and a rat.

Vanquished Creatures
  A dart slug (D:2)
  4 bats (D:1)
  5 endoplasms
  A goblin (D:1)
  3 hobgoblins (D:1)
  2 kobolds
  2 quokkas (D:1)
  2 ball pythons (D:1)
  2 frilled lizards (D:1)
  4 rats (D:1)
26 creatures vanquished.

Notes
Turn   | Place    | Note
-------+----------+-------------------------------------------
     0 | D:1      | Silvore the Demonspawn Fighter began the quest for the Orb.
     0 | D:1      | Reached XP level 1. HP: 18/18 MP: 1/1
   131 | D:1      | Gained mutation: You are partially covered in molten
                  | scales. (AC +2) [demonic ancestry]
   131 | D:1      | Reached XP level 2. HP: 22/24 MP: 2/2
   824 | D:2      | Gained mutation: You sometimes gain a little power by
                  | taking damage. [demonic ancestry]
   824 | D:2      | Reached XP level 3. HP: 29/29 MP: 3/3
  1080 | D:2      | HP: 1/29 [rat (2)]
  1080 | D:2      | Slain by a goblin

Illustrated notes

Levels and vault maps discovered:
D:1:      minmay_arrival_diagonal_passages, layout_rooms
D:2:      layout_loops_ring, chequers_serial_rivers_micro_b

Skill      XL: |  1  2 |
---------------+-------+-----
Short Blades   | 2 |  2.3
Shields        | 3 |  3.0
Armour         | 3 |  3.0
Fighting       | |  3.2
Dodging        | |  0.2

Action                     || total
---------------------------++-------
  Melee: Rapier            ||   113
    Use: Scroll            ||     1
 Armour: Scale mail        ||    62
         Plate armour      ||    84
         Skin              ||    33
  Dodge: Dodged            ||    85
  Block: Buckler           ||    49
